 Dungeon Crawl Stone Soup version 0.26.0-10-g1f06aea511 (webtiles) character file.

Game seed: 7830994060798112950

231 wakim the Chopper (level 6, -8/56 HPs)
             Began as a Hill Orc Monk on Jan 15, 2021.
             Mangled by an ogre
             ... wielding a +0 giant club
              (9 damage)
             ... on level 4 of the Dungeon.
             The game lasted 00:13:14 (4261 turns).

wakim the Chopper (Hill Orc Monk)                   Turns: 4261, Time: 00:13:15

Health: -8/56      AC: 10    Str: 16    XL:     6   Next: 4%
Magic:  6/6        EV: 11    Int: 10    God:
Gold:   164        SH:  0    Dex: 13    Spells: 5/5 levels left

rFire    . . .     SeeInvis +   a - +0 hand axe
rCold    . . .     Faith    .   (no shield)
rNeg     + . .     Spirit   .   i - +3 ring mail
rPois    .         Reflect  .   (no helmet)
rElec    .         Harm     .   (no cloak)
rCorr    .         Rampage  .   p - +1 pair of gloves
Will     .....                  (no boots)
Stlth    +.........             (no amulet)
HPRegen  0.18/turn              o - ring of positive energy
MPRegen  0.10/turn              q - ring of see invisible

@: no status effects
A: no striking features
a: no special abilities


You were on level 4 of the Dungeon.
You visited 1 branch of the dungeon, and saw 4 of its levels.

You collected 164 gold pieces.

Inventory:

Hand Weapons
 a - a +0 hand axe (weapon)
Missiles
 s - 2 boomerangs (quivered)
Armour
 i - a +3 ring mail (worn)
 p - a +1 pair of gloves (worn)
Jewellery
 o - a ring of positive energy (left hand)
 q - a ring of see invisible (right hand)
Scrolls
 f - a scroll of enchant weapon {unknown}
 h - a scroll of immolation {unknown}
 j - 5 scrolls of identify {unknown}
 k - 2 scrolls of teleportation {unknown}
 m - a scroll of random uselessness {unknown}
 r - a scroll of fear {unknown}
 t - 3 scrolls of remove curse {unknown}
Potions
 b - a potion of heal wounds {unknown}
 c - a potion of attraction {unknown}
 d - 2 potions of curing {unknown}
 e - a potion of cancellation {unknown}
 g - a potion of invisibility {unknown}
 l - a potion of haste {unknown}
 n - a potion of brilliance {unknown}
 u - a potion of degeneration {unknown}
 v - a potion of flight {unknown}


   Skills:
 + Level 5.0 Fighting
 * Level 6.7 Axes
 + Level 2.8 Armour
 - Level 2.4 Dodging
 - Level 1.5 Stealth


You had 5 spell levels left.
You didn't know any spells.
Your spell library contained the following spells:

 Spells                   Type           Power        Failure   Level
 Corona                   Hex            0%           56%         1
 Ensorcelled Hibernation  Hex/Ice        0%           71%         2
 Confusing Touch          Hex            0%           91%         3
 Dazzling Flash           Conj/Hex       0%           91%         3
 Tukima's Dance           Hex            0%           91%         3


Dungeon Overview and Level Annotations

Branches:
Dungeon (4/15)
 Temple: D:4-7

Altars:

Annotations:
D:2 1 runed translucent door, Crazy Yiuf


Message History

The ogre is lightly wounded.
You hit the ogre.
The ogre is moderately wounded.
The ogre barely misses you.
You hit the ogre but do no damage.
The ogre is moderately wounded.
The ogre misses you.
You hit the ogre.
The ogre is heavily wounded.
You slash the ogre!
The ogre is severely wounded.
The ogre closely misses you.
You hit the ogre.
The ogre is almost dead.
The ogre hits you with a +0 giant club!
* * * LOW HITPOINT WARNING * * *
You barely miss the ogre.
The ogre is almost dead.
The ogre hits you with a +0 giant club!
You die...

....########'###.........########
.........#.....#.........#
.........'.....#.........#
.........#.....#..รท......#
....h....#.....#.........#
.O..h!...#.....#.........#
....h.?..#.....#.........#
.<..S....#.....#.........#
######...#####.O@........# #
#...############ #.... +....
#.... #.... #.... #....


You could see an ogre.

Vanquished Creatures
  An ogre (D:4)
  3 adders
  An ooze (D:2)
  7 worms
  4 dart slugs
  2 leopard geckos (D:2)
  15 orcs
  2 giant cockroaches
  5 goblins
  6 hobgoblins
  8 bats
  4 frilled lizards
  9 kobolds
  A leopard gecko skeleton (D:4)
  8 rats
76 creatures vanquished.

Vanquished Creatures (others)
  4 plants (D:3)
  5 toadstools (D:1)
9 creatures vanquished.

Grand Total: 85 creatures vanquished

Notes
Turn   | Place    | Note
-------+----------+-------------------------------------------
     0 | D:1      | wakim the Hill Orc Monk began the quest for the Orb.
     0 | D:1      | Reached XP level 1. HP: 19/19 MP: 1/1
   269 | D:1      | Reached XP level 2. HP: 26/27 MP: 2/2
   819 | D:2      | Reached skill level 1 in Armour
  1089 | D:2      | Reached XP level 3. HP: 28/33 MP: 3/3
  1511 | D:2      | Reached skill level 5 in Axes
  1916 | D:2      | You fall into a shaft and drop 2 floors!
  1916 | D:4      | Noticed an ogre
  1996 | D:2      | Reached XP level 4. HP: 39/40 MP: 4/4
  2173 | D:2      | Found a runed translucent door.
  2174 | D:2      | Noticed Crazy Yiuf
  2176 | D:2      | You fall into a shaft and drop 2 floors!
  3105 | D:3      | Reached XP level 5. HP: 46/47 MP: 5/5
  3188 | D:3      | Reached skill level 6 in Axes
  3741 | D:4      | Noticed an ogre
  3754 | D:4      | Killed an ogre
  3985 | D:4      | Reached skill level 5 in Fighting
  3985 | D:4      | Reached XP level 6. HP: 56/56 MP: 6/6
  4260 | D:4      | HP: 1/56 [ogre/+0 giant club (16)]
  4261 | D:4      | Mangled by an ogre

Illustrated notes

Levels and vault maps discovered:
D:1:      ldierk_walled_garden, layout_basic, minmay_cupped
D:2:      minmay_skewed_foursquare, layout_basic, uniq_crazy_yiuf_cottage
D:3:      layout_loops_ring, serial_bayou, serial_bayou_ford_a,
          serial_bayou_lagoon_b, serial_bayou_pond_e, serial_bayou_pond_c,
          corner_web_ring
D:4:      layout_gridville, ashenzari_conservatory_becter, serial_shops,
          nicolae_shop_window_shopping

Skill      XL: |  1  2  3  4  5 |
---------------+----------------+-----
Armour         | 1 2 |  2.8
Fighting       | 4 5 |  5.0
Axes           | 5 6 |  6.7
Dodging        | |  2.4
Stealth        | |  1.5

Action                   |  1- 3 |  4- 6 || total
-------------------------+-------+-------++-------
Melee: Hand axe          |   152 |   201 ||   353
Throw: Boomerang         |       |    19 ||    19
 Stab: Sleeping          |     2 |     1 ||     3
       Distracted        |     1 |       ||     1
Armor: Robe              |     8 |       ||     8
       Ring mail         |    51 |    63 ||   114
Dodge: Dodged            |    93 |   107 ||   200
